 Dungeon Crawl Stone Soup version 0.30.0-18-gc0e69614cb (webtiles) character file.

Game seed: 4541018955124635068

212 monsoonserge the Slasher (level 5, -2/37 (38) HPs)
             Began as a Gnoll Wanderer on May 25, 2023.
             Slain by a wight
             ... wielding a +3 scimitar
              (12 damage)
             ... on level 3 of the Dungeon.
             The game lasted 00:09:10 (2722 turns).

monsoonserge the Slasher (Gnoll Wanderer)           Turns: 2722, Time: 00:09:12

HP:   -2/37 (38)    AC:  8    Str: 10    XL:     5   Next: 89%
MP:   9/9           EV: 12    Int: 11    God:
Gold: 173           SH:  0    Dex: 15    Spells: 8/10 levels left

rFire   + . .        a - +2 falchion
rCold   . . .        (no shield)
rNeg    . . .        q - +0 leather armour
rPois   +            H - +2 helmet
rElec   .            b - +0 cloak
rCorr   .            (no gloves)
SInv    .            k - +0 pair of boots
Will    .....        (no amulet)
Stlth   +++          y - ring of protection from fire
HPRegen 0.26/turn    v - ring of poison resistance
MPRegen 0.11/turn

%: no passive effects
@: lightly drained
A: fangs 1, strong nose, distributed training
a: no special abilities


You were on level 3 of the Dungeon.
You visited 1 branch of the dungeon, and saw 4 of its levels.

You collected 173 gold pieces.

Inventory:

Hand Weapons
 a - a +2 falchion (weapon)
 G - a +2 spear of pain
 I - a +2 dagger of freezing
Missiles
 j - 26 stones (quivered)
 p - 3 poisoned darts
 J - 4 boomerangs
Armour
 b - a +0 cloak (worn)
 d - a +0 robe
 k - a +0 pair of boots (worn)
 m - a +0 plate armour
 o - a +0 ring mail
 q - a +0 leather armour (worn)
 z - a +0 scale mail
 A - a +0 chain mail
 H - a +2 helmet (worn)
Magical Staves
 x - a staff of death
Jewellery
 n - a ring of positive energy
 v - a ring of poison resistance (right hand)
 y - a ring of protection from fire (left hand)
Wands
 w - a wand of paralysis (5)
Scrolls
 c - 4 scrolls of teleportation
 e - 6 scrolls of identify {unknown}
 g - 2 scrolls of enchant armour {unknown}
 l - 5 scrolls of fog {unknown}
 r - a scroll of immolation {unknown}
 F - a scroll of silence {unknown}
Potions
 f - a potion of degeneration {unknown}
 h - a potion of magic {unknown}
 i - a potion of ambrosia {unknown}
 s - 2 potions of curing {unknown}
 t - 2 potions of heal wounds {unknown}
 u - a potion of invisibility {unknown}
 B - a potion of attraction {unknown}
 C - a potion of brilliance {unknown}
 D - 2 potions of might {unknown}
 E - a potion of mutation {unknown}


   Skills:
 + Level 1.7 Fighting
 + Level 1.7 Short Blades
 + Level 6.7 Long Blades
 + Level 1.7 Axes
 + Level 1.7 Maces & Flails
 + Level 1.7 Polearms
 + Level 1.7 Staves
 + Level 1.7 Ranged Weapons
 + Level 1.7 Throwing
 + Level 1.7 Armour
 + Level 3.1 Dodging
 + Level 4.5 Stealth
 + Level 1.7 Shields
 + Level 1.7 Unarmed Combat
 + Level 3.3 Spellcasting
 + Level 1.3 Conjurations
 + Level 1.3 Hexes
 + Level 1.3 Summonings
 + Level 1.3 Necromancy
 + Level 1.3 Translocations
 + Level 5.6 Transmutations
 + Level 1.3 Fire Magic
 + Level 1.3 Ice Magic
 + Level 1.3 Air Magic
 + Level 1.3 Earth Magic
 + Level 1.3 Poison Magic
 + Level 2.0 Invocations
 + Level 1.7 Evocations


You had 8 spell levels left.
You knew the following spells:

 Your Spells              Type           Power      Damage    Failure   Level
a - Wereblood             Tmut           14%        N/A       4%          2

Your spell library contained the following spells:

 Spells                   Type           Power      Damage    Failure   Level
 Passwall                 Tmut/Erth      7%         N/A       12%         2
 Apportation              Tloc           8%         N/A       19%         1
 Cigotuvi's Dreadful Rot  Necr/Pois/Air  8%         N/A       28%         2
 Dispel Undead            Necr           4%         3d7       88%         4
 Alistair's Intoxication  Tmut/Pois      6%         N/A       91%         5
 Death Channel            Necr           2%         N/A       100%        6


Dungeon Overview and Level Annotations

Branches:
Dungeon (4/15)
 Temple: D:4-7

Altars:
Qazlal


Innate Abilities, Weirdness & Mutations

You have very sharp teeth.
Your uncanny sense of smell can sniff out nearby items.
Your experience applies equally to all skills.


Message History

You barely miss the wight. You bite the wight, but do no damage.
The wight is almost destroyed.
The wight misses you.
You hit the wight.
You destroy the wight!
Your life force feels restored.
Your Invocations skill increases to level 2!
Things that are here:
a +0 dagger; a +0 robe
There is a stone staircase leading down here.
You climb downwards.
The wight hits you with a +3 scimitar. The giant cockroach misses you.
There is a stone staircase leading up, spattered with blood here.
Unknown command.
The wight hits you with a +3 scimitar!
The giant cockroach completely misses you.
You climb upwards.
There is a stone staircase leading down here.
Unknown command.
You completely miss the wight. The wight closely misses you.
The giant cockroach closely misses you.
You hit the wight.
The wight is lightly damaged.
The giant cockroach bites you but does no damage.
The wight hits you with a +3 scimitar!
You feel drained.
You hit the wight.
The wight is lightly damaged.
The giant cockroach barely misses you. The wight hits you with a +3 scimitar.
* * * LOW HITPOINT WARNING * * *
Casting: Wereblood (safe; 4% risk of failure)
Confirm with . or Enter, or press ? or * to list all spells.
Okay, then.
Okay, then.
Aiming: Paralyse
Press: ? - help, Shift-Dir - straight line, f - wight
Aim: a wight, wielding a +3 scimitar and wearing a +0 robe (lightly damaged, chance to affect: 53%)
The wight resists with significant effort.
The giant cockroach bites you but does no damage.
The wight hits you with a +3 scimitar!
You die...

..#..##'###......#......#
..#.#..#...##....######.#
8.†###.#...#)#...# ###.#####
..#..##+...###...# #.......#
..#...##......##.# #.#.###.#
8.+#...#..)...#[## #.#.###.###
..###..†......### #.#.......#
#####################.#####.#.#
......## ##....@z.##.......#.#
.......####....B.[..####...##.#
..........'.........'.....†.#.###
###....####.<.......####.........
#.#.## ##.......## ##.#.#.###
#.### ##.....## ###.#.# # #.#
##...## #...# # #.# ##'## #..####
##.## #.# #.[....


You could see a wight and a giant cockroach.

Vanquished Creatures
  A wight (D:3)
  Natasha (D:3)
  Robin (D:3)
  4 adders (D:3)
  A dart slug (D:1)
  An orc (D:3)
  12 endoplasms
  2 giant cockroaches
  10 goblins
  18 hobgoblins
  A jackal (D:3)
  3 quokkas
  4 ball pythons
  5 bats
  3 frilled lizards
  8 kobolds
  8 rats
83 creatures vanquished.

Notes
Turn   | Place    | Note
-------+----------+-------------------------------------------
     0 | D:1      | monsoonserge the Gnoll Wanderer began the quest for the
                  | Orb.
     0 | D:1      | monsoonserge set off with the following items: a +2
                  | falchion, a +0 cloak, a scroll of teleportation, a +0 robe;
                  | and the following spells available to memorise: Wereblood,
                  | Passwall.
     0 | D:1      | Reached XP level 1. HP: 13/13 MP: 4/4
   139 | D:1      | Reached XP level 2. HP: 19/19 MP: 5/5
   177 | D:1      | Learned a level 2 spell: Wereblood
   493 | D:1      | Reached XP level 3. HP: 23/25 MP: 4/7
   739 | D:2      | Reached skill level 1 in Invocations
  1088 | D:2      | Reached skill level 1 in Fighting
  1088 | D:2      | Reached skill level 1 in Short Blades
  1088 | D:2      | Reached skill level 1 in Axes
  1088 | D:2      | Reached skill level 1 in Maces & Flails
  1088 | D:2      | Reached skill level 1 in Polearms
  1088 | D:2      | Reached skill level 1 in Staves
  1088 | D:2      | Reached skill level 1 in Ranged Weapons
  1088 | D:2      | Reached skill level 1 in Throwing
  1088 | D:2      | Reached skill level 1 in Armour
  1088 | D:2      | Reached skill level 1 in Shields
  1088 | D:2      | Reached skill level 1 in Unarmed Combat
  1088 | D:2      | Reached skill level 1 in Evocations
  1464 | D:3      | Reached XP level 4. HP: 27/32 MP: 8/8
  1897 | D:3      | Noticed Natasha
  1904 | D:3      | Killed Natasha
  1905 | D:3      | Reached skill level 1 in Conjurations
  1905 | D:3      | Reached skill level 1 in Hexes
  1905 | D:3      | Reached skill level 1 in Summonings
  1905 | D:3      | Reached skill level 1 in Necromancy
  1905 | D:3      | Reached skill level 1 in Translocations
  1905 | D:3      | Reached skill level 1 in Fire Magic
  1905 | D:3      | Reached skill level 1 in Ice Magic
  1905 | D:3      | Reached skill level 1 in Air Magic
  1905 | D:3      | Reached skill level 1 in Earth Magic
  1905 | D:3      | Reached skill level 1 in Poison Magic
  1979 | D:3      | Found a stormy altar of Qazlal.
  2018 | D:3      | Found a faded altar of an unknown god.
  2030 | D:3      | Noticed Robin
  2073 | D:3      | Killed Robin
  2076 | D:3      | Reached XP level 5. HP: 13/37 MP: 9/9
  2722 | D:3      | Slain by a wight

Illustrated notes

Levels and vault maps discovered:
D:1:      evilmike_arrival_crescent, layout_basic, hex_medium
D:2:      layout_loops_cross, serial_bayou_pond_b, chequers_avenue
D:3:      minmay_chambers_of_threes, layout_loops_corners, lemuel_doored_altar,
          hellmonk_ecumenical_altar_zigzags, uniq_natasha, uniq_robin
D:4:      layout_basic, nemelex_diamond_rough_becter, kennysheep_dice

Skill      XL: |  1  2  3  4  5 |
---------------+----------------+-----
Invocations    | 1 2 |  2.0
Fighting       | 1 |  1.7
Short Blades   | 1 |  1.7
Axes           | 1 |  1.7
Maces & Flails | 1 |  1.7
Polearms       | 1 |  1.7
Staves         | 1 |  1.7
Ranged Weapons | 1 |  1.7
Throwing       | 1 |  1.7
Armour         | 1 |  1.7
Shields        | 1 |  1.7
Unarmed Combat | 1 |  1.7
Evocations     | 1 |  1.7
Spellcasting   | 3 |  3.3
Conjurations   | 1 |  1.3
Hexes          | 1 |  1.3
Summonings     | 1 |  1.3
Necromancy     | 1 |  1.3
Translocations | 1 |  1.3
Fire Magic     | 1 |  1.3
Ice Magic      | 1 |  1.3
Air Magic      | 1 |  1.3
Earth Magic    | 1 |  1.3
Poison Magic   | 1 |  1.3
Dodging        | 3 |  3.1
Long Blades    | |  6.7
Stealth        | |  4.5
Transmutations | |  5.6

Action                     |  1- 3 |  4- 6 || total
---------------------------+-------+-------++-------
  Melee: Falchion          |    85 |    97 ||   182
         Bite              |     4 |     7 ||    11
         Punch             |     1 |     2 ||     3
   Cast: Wereblood         |     1 |     1 ||     2
  Evoke: Wand              |       |     1 ||     1
   Stab: Sleeping          |     8 |     2 ||    10
         Distracted        |     1 |       ||     1
 Armour: Robe              |    19 |       ||    19
         Leather armour    |     6 |    20 ||    26
  Dodge: Dodged            |    43 |    59 ||   102
